 Dungeon Crawl Stone Soup version 0.19.1 (webtiles) character file.

101985 RaHiT the Warrior (level 15, -13/134 HPs)
             Began as a Mummy Artificer on Nov 25, 2016.
             Was an Initiate of Gozag.
             Killed from afar by a thorn hunter (19 damage)
             ... with a volley of thorns
             ... on level 2 of the Swamp.
             The game lasted 04:57:13 (35736 turns).

RaHiT the Warrior (Mummy Artificer)                Turns: 35736, Time: 04:57:14

Health: -13/134    AC: 25    Str: 28    XL:     15   Next: 84%
Magic:  22/22      EV: 10    Int: 12    God:    Gozag
Gold:   1549       SH:  6    Dex: 16    Spells: 0 memorised, 14 levels left

rFire  x . .     SeeInvis .     a - +7 morningstar "Jeshij" {elec, *Contam MR+ Int+4}
rCold  + + .     Gourm    .     S - +5 chain mail of Neciphas {Str+7}
rNeg   + + +     Faith    .     m - +0 buckler {AC+3}
rPois  ∞         Spirit   .     (no helmet)
rElec  .         Reflect  .     n - +1 cloak
rCorr  .         Harm     .     t - +0 pair of fencer's gloves {+Riposte Dex+3}
MR     +++..                    (no boots)
Stlth  ..........               o - necklace of Bloodlust {*Rage +Rage MR+ Int-3 Slay+3 *Curse}
                                M - ring of protection from cold
                                r - +3 ring of slaying

@: about to teleport, very slightly contaminated
A: no food or potions, fire vulnerability, cold resistance 1, negative energy
resistance 3, torment resistance, unbreathing, in touch with death 1
a: Potion Petition, Call Merchant, Bribe Branch, Renounce Religion


You were on level 2 of the Swamp.
You worshipped Gozag.
Gozag was most pleased with you.
You were not hungry.

You visited 5 branches of the dungeon, and saw 25 of its levels.
You also visited: Bailey.

You collected 8435 gold pieces.
You spent 1654 gold pieces at shops.
You paid 5232 gold pieces to Gozag.

Inventory:

Hand Weapons
 a - the +7 morningstar "Jeshij" (weapon) {elec, *Contam MR+ Int+4}
   (You bought it in a shop on level 1 of the Lair of Beasts)

   Occasionally, upon striking a foe, it will discharge some electrical energy
   and cause terrible harm.
   It affects your intelligence (+4).
   It affects your resistance to hostile enchantments.
   It causes magical contamination when unequipped.
 s - the +4 flail "Empeosa" {crush, *Drain +Inv MP+9 Dex+9}
   (You found it on level 4 of the Dungeon)

   It inflicts extra damage upon your enemies.
   It affects your dexterity (+9).
   It affects your magic capacity (+9).
   It lets you turn invisible.
   It causes draining when unequipped.
Missiles
 g - 65 poisoned needles
 k - 122 sling bullets
 O - a tomahawk of returning (quivered)
Armour
 m - a +0 buckler of protection (worn)
 n - a +1 cloak (worn)
 t - the +0 pair of fencer's gloves (worn) {+Riposte Dex+3}
   (You found it on level 11 of the Dungeon)

   It affects your dexterity (+3).
 D - the +0 chain mail of Impressiveness {*Drain MR+ Int+5}
   (You found it on level 2 of the Swamp)

   It affects your intelligence (+5).
   It affects your resistance to hostile enchantments.
   It causes draining when unequipped.
 S - the +5 chain mail of Neciphas (worn) {Str+7}
   (You found it on level 11 of the Dungeon)

   It affects your strength (+7).
Rods
 b - a +0 rod of clouds (14/14)
   (You found it on level 1 of the Lair of Beasts)
 I - a +2 rod of ignition (9/9)
   (You took it off a kobold on level 14 of the Dungeon)
 N - a -3 rod of ignition (10/10)
   (You found it on level 14 of the Dungeon)
Jewellery
 o - the necklace of Bloodlust (around neck) {*Rage +Rage MR+ Int-3 Slay+3 *Curse}
   (You found it on level 5 of the Lair of Beasts)

   [amulet of rage]

   It affects your intelligence (-3).
   It affects your accuracy and damage with ranged weapons and melee attacks
   (+3).
   It affects your resistance to hostile enchantments.
   It lets you go berserk.
   It may make you go berserk in combat.
   It may re-curse itself when equipped.
 r - a +3 ring of slaying (left hand)
 v - an uncursed ring of flight
 H - an uncursed amulet of regeneration
 M - a ring of protection from cold (right hand)
Wands
 d - a wand of enslavement (12/24)
 e - a wand of random effects (10/48)
 f - a wand of disintegration (12/24)
 p - a wand of teleportation (2/9)
 w - a wand of slowing (14/48)
 x - a wand of flame (36/48)
 A - a wand of iceblast (0/15)
 B - a wand of flame (36/48)
 C - a wand of slowing (28/48)
 G - a wand of confusion (2/48)
 J - a wand of flame (26/48)
 L - a wand of iceblast (6/15)
 T - a wand of slowing (1/48)
 V - a wand of confusion (9/48)
Scrolls
 c - 4 scrolls of fear
 h - 3 scrolls of fog
 i - 3 scrolls of recharging
 j - 6 scrolls of identify
 l - 5 scrolls of enchant weapon
 q - 8 scrolls of remove curse
 y - 8 scrolls of teleportation
 z - 2 scrolls of enchant armour
 F - 2 scrolls of summoning
 P - 4 scrolls of amnesia
 U - a scroll of magic mapping
 X - 2 scrolls of immolation
Miscellaneous
 K - a lamp of fire
 Y - a fan of gales


   Skills:
 - Level 17.2 Fighting
   Level 0.7 Short Blades
 - Level 11.3 Maces & Flails
 - Level 14.3 Armour
 - Level 2.0 Dodging
 - Level 0.7 Stealth
 * Level 8.2 Shields
 - Level 10.0 Evocations


You had 14 spell levels left.
You didn't know any spells.

Dungeon Overview and Level Annotations

Branches:
Dungeon (15/15)            Temple (1/1) D:6            Lair (6/6) D:9
  Swamp (2/4) Lair:4        Snake (1/4) Lair:2        Slime (0/5) Lair:5
    Orc (0/2) D:11         Vaults (0/5) D:14         Depths (0/5) D:15

Altars:
Ashenzari
Cheibriados
Dithmenos
Elyvilon
Fedhas
Gozag
Hepliaklqana
Kikubaaqudgha
Makhleb
Nemelex Xobeh
Okawaru
Qazlal
Ru
Sif Muna
Trog
Uskayaw
Vehumet
Xom
Yredelemnul
Zin
The Shining One
Beogh

Shops:
D:4 (   D:11 [   D:13 =?=!   Lair:1 ((   Lair:2 *   Lair:3 (   Lair:4 *

Annotations:
Lair:5 ohados's ghost, journeyman OgBe


Innate Abilities, Weirdness & Mutations

You do not eat or drink.
Your flesh is vulnerable to fire.
You are immune to poison.
Your flesh is cold resistant. (rC+)
You are immune to negative energy. (rN+++)
You are immune to unholy pain and torment.
You can survive without breathing.
You are in touch with the powers of death.


Message History

Moving in this stuff is going to be slow.
You enter the shallow water.
Moving in this stuff is going to be slow.
You enter the shallow water.
Moving in this stuff is going to be slow.
A thorn hunter comes into view.
The slime creature hits you!
* * * LOW HITPOINT WARNING * * *
The thorn hunter gestures.
Thorny briars emerge from the ground!
As you read the scroll of teleportation, it crumbles to dust.
You feel strangely unstable.
The thorn hunter fires a volley of thorns at you.
The volley of thorns hits you!
* * * LOW HITPOINT WARNING * * *
The slime creature hits you but does no damage.
The thorn hunter fires a volley of thorns at you.
The volley of thorns hits you!
You die...
Your body crumbles into a pile of gold.

.≈...♣♣ ♣♣♣≈♣..§..≈.≈..♣ ♣
.≈♣...♣ ♣≈...!>..≈..♣ ♣♣ .>.♣♣♣♣
♣.≈.≈..≈≈≈§.♣♣≈. .≈.♣
♣......≈≈≈≈..... ≈≈J♣♣
♣♣♣♣♣≈....≈....≈≈... .≈≈≈♣
♣.§≈PP..≈≈.≈♣♣..!.≈♣ ...♣♣
♣♣♣♣♣.≈≈PP≈.♣♣♣♣♣≈...♣♣♣ ≈≈≈♣♣♣♣♣
♣...≈≈≈≈PfPP♣♣♣♣≈<.≈≈≈.♣ ≈≈.♣.≈.♣
♣.≈≈≈≈§@PPPP..♣♣..)≈≈≈≈<
..≈..≈≈♣♣♣≈≈≈≈....♣♣.≈.♣.≈≈.≈≈≈≈≈
≈..≈≈..♣.≈≈w≈≈.J♣♣♣♣≈.≈..§..≈≈≈≈≈
.≈≈≈♣♣♣§.≈≈≈≈≈≈≈≈♣ ♣♣♣♣....≈≈≈≈≈≈
≈≈≈.≈♣♣♣......≈≈.♣ ♣.....≈≈≈≈≈
≈≈..≈♣ ♣♣≈.....≈.♣♣ ♣♣≈....[..≈
.≈.≈♣♣♣♣♣♣≈....≈≈.♣♣ ♣♣♣≈♣.....
≈≈≈.♣♣♣.≈..≈≈≈.≈...♣ ♣♣♣...♣♣♣
.≈≈.≈♣..≈≈.≈≈≈..).♣♣ ♣.≈§.♣♣


You could see a thorn hunter, a slime creature and a swamp worm.

Vanquished Creatures
  A fire giant (D:13)
  A very ugly thing (Swamp:1)
  A fire dragon (Lair:6)
  Harold (Lair:3)
  A rakshasa (D:15)
  6 hydras
  4 vault guards (D:13)
  2 anacondas (Snake:1)
  3 centaur warriors
  3 death yaks (Lair:6)
  3 alligators
  A skeletal warrior (D:14)
  A spriggan druid (Swamp:2)
  A flayed ghost (D:15)
  Pikel (D:6)
  4 hill giants
  A shambling mangrove (Swamp:2)
  3 swamp dragons
  A necromancer (D:15)
  2 orc knights (D:15)
  3 ugly things
  A frost giant zombie (D:15)
  A mana viper (Snake:1)
  3 manticores
  10 cyclopes
  3 centaur zombies
  2 deep elf magi (D:12)
  9 elephants (Lair:6)
  Maurice (D:13)
  8 black mambas
  A naga mage (Snake:1)
  15 spiny frogs
  A molten gargoyle (Lair:2)
  3 torpor snails
  2 gargoyles
  3 kobold demonologists
  A spriggan zombie (D:15)
  12 komodo dragons
  7 rime drakes
  3 efreet
  2 guardian mummies (D:15)
  6 trolls
  Prince Ribbit (D:6)
  3 polar bears (Lair:6)
  A merfolk (D:9)
  An ettin zombie (D:15)
  10 hornets
  3 bog bodies
  A two-headed ogre (D:9)
  4 tyrant leeches
  21 blink frogs
  16 slime creatures
  12 dream sheep
  A fire dragon zombie (D:15)
  12 hippogriffs
  Sigmund (D:5)
  37 yaks
  2 shadows
  3 spriggans (Swamp:2)
  7 wyverns
  5 basilisks
  5 fire bats
  2 hungry ghosts
  2 steam dragons (Lair:6)
  7 vampire mosquitoes
  A naga (shapeshifter) (D:14)
  6 nagas
  2 soldier ants
  Edmund (D:5)
  2 wargs
  6 mottled dragons
  8 swamp worms
  3 insubstantial wisps (Swamp:2)
  11 water moccasins
  Duvessa (D:4)
  2 sky beasts
  9 porcupines
  10 ice beasts
  A swamp drake (Swamp:2)
  A hornet zombie (D:13)
  28 orc warriors
  2 phantoms
  A slave (D:5)
  3 black bears
  2 eyes of draining (D:10)
  7 ogres
  16 wolves (Lair:6)
  11 centaurs
  12 crocodiles
  7 big kobolds
  25 bullfrogs
  Dowan (D:4)
  A gnoll sergeant (D:8)
  5 scorpions
  12 killer bees
  7 wights
  4 howler monkeys
  6 electric eels
  7 hounds
  A bullfrog zombie (D:13)
  8 jellies
  9 crimson imps
  7 centaur skeletons
  20 orc priests
  A quasit (D:10)
  Terence (D:1)
  12 iguanas
  14 orc wizards
  16 worker ants
  2 worker ant zombies
  17 adders
  3 gnolls (D:9)
  3 river rats
  2 shadow imps
  4 oozes
  4 adder zombies
  An adder skeleton (D:9)
  4 worms
  3 dart slugs
  2 leopard geckos
  81 orcs
  8 ball pythons
  4 giant cockroaches
  11 goblins
  7 hobgoblins
  6 jackals
  24 kobolds
  6 quokkas
  A ball python zombie (D:5)
  16 bats
  3 frilled lizards
  2 leopard gecko skeletons
  11 rats
  A bush (Lair:4)
  3 fungi (D:9)
  A plant (Lair:3)
835 creatures vanquished.

Vanquished Creatures (others)
  A crocodile (Lair:6)
  An orc (D:12)
  A fire vortex (Lair:2)
  16 fungi
  22 plants
41 creatures vanquished.

Grand Total: 876 creatures vanquished

Notes
Turn   | Place    | Note
-------+----------+-------------------------------------------
     0 | D:1      | RaHiT the Mummy Artificer began the quest for the Orb.
     0 | D:1      | Reached XP level 1. HP: 15/15 MP: 2/2
    32 | D:1      | Reached skill level 1 in Armour
    37 | D:1      | Reached XP level 2. HP: 16/21 MP: 3/3
   873 | D:1      | Reached XP level 3. HP: 22/26 MP: 4/4
  1338 | D:2      | Reached skill level 2 in Fighting
  1400 | D:2      | Noticed Terence
  2621 | D:2      | Reached XP level 4. HP: 23/34 MP: 5/5
  2961 | D:2      | Found a snail-covered altar of Cheibriados.
  3451 | D:3      | Reached skill level 3 in Fighting
  3641 | D:3      | Found a blossoming altar of Fedhas.
  3952 | D:3      | Reached XP level 5. HP: 39/41 MP: 6/6
  3957 | D:3      | Found a shimmering altar of Xom.
  3959 | D:3      | Found an opulent altar of Gozag.
  3959 | D:3      | Found a bloodstained altar of Trog.
  3962 | D:3      | Found a stormy altar of Qazlal.
  3967 | D:3      | Became a worshipper of Gozag Ym Sagoz the Greedy
  4031 | D:3      | Reached skill level 1 in Maces & Flails
  4592 | D:4      | Got a warped flail
  4593 | D:4      | Identified the +4 flail "Empeosa" {crush, *Drain +Inv MP+9 Dex+9} (You found it on level 4 of the Dungeon)
  4780 | D:4      | Reached XP level 6. HP: 47/47 MP: 7/7
  4785 | D:4      | Found Zuqut's Antique Weapon Shoppe.
  4801 | D:4      | Noticed Sigmund
  5390 | D:1      | Killed Terence
  5608 | D:4      | Noticed Dowan
  5610 | D:4      | Noticed Duvessa
  5633 | D:3      | Reached XP level 7. HP: 28/52 MP: 8/8
  5795 | D:4      | Killed Duvessa
  5795 | D:4      | Reached skill level 5 in Maces & Flails
  5967 | D:4      | Killed Dowan
  6112 | D:4      | Found a deep blue altar of Sif Muna.
  6576 | D:4      | Found a basalt altar of Yredelemnul.
  6650 | D:5      | Entered Level 5 of the Dungeon
  6925 | D:5      | Reached XP level 8. HP: 58/58 MP: 9/9
  7019 | D:5      | Noticed Edmund
  7055 | D:5      | Killed Edmund
  7177 | D:5      | Killed Sigmund
  7325 | D:5      | Found a faded altar of an unknown god.
  7325 | D:5      | Found a faded altar of an unknown god.
  7331 | D:5      | Found a faded altar of an unknown god.
  7333 | D:5      | Found a glowing silver altar of Zin.
  7335 | D:5      | Found a faded altar of an unknown god.
  7390 | D:5      | Got a bloodstained war axe
  7391 | D:5      | Identified the +9 war axe "Gacyheno" {chop, MR+} (You found it on level 5 of the Dungeon)
  7509 | D:5      | Reached skill level 4 in Fighting
  7720 | D:6      | Noticed Pikel
  7726 | D:6      | HP: 1/61 [orc warrior/battleaxe of chopping (5)]
  7790 | D:5      | HP: 2/61 [orc warrior/battleaxe of chopping (12)]
  8182 | D:5      | Reached skill level 5 in Fighting
  8308 | D:6      | Found a staircase to the Ecumenical Temple.
  8323 | Temple   | Entered the Ecumenical Temple
  8582 | D:6      | Reached XP level 9. HP: 62/69 MP: 12/12
  8735 | D:6      | Found a radiant altar of Vehumet.
  8746 | D:6      | Reached skill level 6 in Fighting
  8779 | D:6      | Noticed Prince Ribbit
  8793 | D:6      | Killed Prince Ribbit
  9245 | D:6      | Killed Pikel
  9245 | D:6      | Reached skill level 8 in Fighting
  9553 | D:7      | Reached skill level 5 in Armour
  9710 | D:7      | Reached skill level 1 in Shields
 10114 | D:8      | Got a distressingly furry ring mail
 10136 | D:8      | Identified the +4 ring mail "Wour" {Str+4} (You found it on level 8 of the Dungeon)
 10235 | D:8      | Noticed a brown ugly thing
 10256 | D:8      | Killed a cyan ugly thing
 10530 | D:8      | Reached XP level 10. HP: 71/80 MP: 13/13
 10952 | D:8      | Found a sparkling altar of Nemelex Xobeh.
 12701 | D:9      | Found a staircase to the Lair.
 12936 | Lair:1   | Entered Level 1 of the Lair of Beasts
 13011 | Lair:1   | Bought a jewelled mace for 208 gold pieces
 13011 | Lair:1   | Bought an iridescent whip for 195 gold pieces
 13013 | Lair:1   | Identified the +6 mace "Alliwen" {crush, rF+ Str-3 Dex+3} (You bought it in a shop on level 1 of the Lair of Beasts)
 13085 | Lair:1   | Noticed a spiny frog
 13120 | Lair:1   | Killed a spiny frog
 13120 | Lair:1   | Reached skill level 5 in Evocations
 13215 | Lair:1   | Reached XP level 11. HP: 72/86 MP: 14/14
 13368 | Lair:1   | Got a jewelled spear
 13375 | Lair:1   | Identified the +6 whip "Benwyriwu" {pain, rElec rN+ Dex+2} (You bought it in a shop on level 1 of the Lair of Beasts)
 13376 | Lair:1   | Identified a +0 rod of clouds (14/14) (You found it on level 1 of the Lair of Beasts)
 13377 | Lair:1   | Identified the +3 spear of the Chickpea {freeze, *Noise Int+3 Dex+6} (You found it on level 1 of the Lair of Beasts)
 14138 | Lair:2   | Bought a scratched moonstone ring for 165 gold pieces
 14245 | Lair:2   | Bought a scroll labeled OHIGEA ZEASAA for 33 gold pieces
 14672 | Lair:2   | Identified the Collected Works on Unstable Weightlessness
 15090 | Lair:2   | Found a staircase to the Snake Pit.
 15156 | D:10     | Entered Level 10 of the Dungeon
 16004 | D:10     | Noticed a centaur warrior
 16033 | D:10     | Killed a centaur warrior
 16033 | D:10     | Reached skill level 9 in Fighting
 16033 | D:10     | Reached XP level 12. HP: 66/95 MP: 18/18
 16094 | D:10     | Noticed a centaur warrior
 16293 | D:10     | Killed a centaur warrior
 16523 | D:10     | Reached skill level 10 in Fighting
 16699 | D:11     | Found a staircase to the Orcish Mines.
 16826 | D:11     | Found a flagged portal.
 16851 | Bailey   | Entered a bailey
 17973 | D:11     | Got a steaming chain mail
 17974 | D:11     | Identified the +5 chain mail of Neciphas {Str+7} (You found it on level 11 of the Dungeon)
 18092 | D:11     | Reached skill level 10 in Armour
 18227 | D:11     | Found a deep blue altar of Sif Muna.
 19040 | D:12     | Found a roughly hewn altar of Beogh.
 19641 | D:13     | Found Zummum's Jewellery Shoppe.
 19651 | D:13     | Reached skill level 11 in Fighting
 19673 | D:13     | Gained mutation: You are in touch with the powers of death. [Mummy growth]
 19673 | D:13     | Reached XP level 13. HP: 98/106 MP: 19/19
 19711 | D:13     | Found Cisol's Jewellery Shoppe.
 19714 | D:13     | Found Joum's Magic Scroll Shop.
 19966 | D:13     | Noticed Maurice
 19987 | D:13     | Killed Maurice
 19992 | D:13     | Reached skill level 12 in Fighting
 20706 | D:13     | Found Doinaome's Distillery.
 20898 | D:13     | Bought a scroll of remove curse for 51 gold pieces
 20898 | D:13     | Bought a scroll of remove curse for 51 gold pieces
 20898 | D:13     | Bought a scroll of identify for 34 gold pieces
 20898 | D:13     | Bought a scroll of fear for 59 gold pieces
 20898 | D:13     | Bought a scroll of enchant weapon for 127 gold pieces
 20898 | D:13     | Bought a scroll of identify for 34 gold pieces
 20898 | D:13     | Bought a scroll of identify for 34 gold pieces
 21086 | Snake:1  | Entered Level 1 of the Snake Pit
 21181 | Snake:1  | Reached skill level 13 in Fighting
 21388 | Lair:3   | Noticed Harold
 21440 | Lair:3   | Reached skill level 14 in Fighting
 21503 | Lair:3   | Killed Harold
 21700 | Lair:3   | Got a heavily runed leather armour
 21701 | Lair:3   | Identified the +1 leather armour of Midwinter {*Slow rPois rN+ Dex+4} (You found it on level 3 of the Lair of Beasts)
 22199 | Lair:4   | Found a staircase to the Swamp.
 22449 | Lair:4   | Got an encrusted rapier
 22450 | Lair:4   | Identified the +10 rapier "Goblinslayer" {vamp, Int+4} (You found it on level 4 of the Lair of Beasts)
 23273 | Lair:5   | Noticed ohados's ghost (journeyman OgBe)
 23276 | Lair:4   | Reached skill level 10 in Maces & Flails
 24779 | Lair:5   | Found a stormy altar of Qazlal.
 24951 | Lair:5   | Found a staircase to the Slime Pits.
 25086 | Lair:6   | Entered Level 6 of the Lair of Beasts
 25093 | Lair:6   | Reached XP level 14. HP: 116/120 MP: 21/21
 25308 | Lair:6   | Reached skill level 10 in Evocations
 25530 | Lair:6   | Reached skill level 15 in Fighting
 26844 | Lair:6   | Reached skill level 16 in Fighting
 27158 | Lair:6   | Found a snail-covered altar of Cheibriados.
 28051 | Lair:6   | Reached skill level 17 in Fighting
 28461 | Lair:6   | Got a spiked ring mail
 28462 | Lair:6   | Identified the +2 ring mail "Trusted Companion" {rPois} (You found it on level 6 of the Lair of Beasts)
 28742 | Lair:1   | Bought a slimy morningstar for 243 gold pieces
 28742 | Lair:1   | Identified the +7 morningstar "Jeshij" {elec, *Contam MR+ Int+4} (You bought it in a shop on level 1 of the Lair of Beasts)
 29126 | D:14     | Noticed a fire giant
 29935 | D:13     | Killed a fire giant
 30285 | D:13     | Reached XP level 15. HP: 84/134 MP: 22/22
 31052 | D:14     | Found a gate to the Vaults.
 31319 | D:15     | Entered Level 15 of the Dungeon
 31880 | D:15     | Identified a +2 rod of ignition (9/9) (You took it off a kobold on level 14 of the Dungeon)
 31885 | D:15     | Identified a -3 rod of ignition (10/10) (You found it on level 14 of the Dungeon)
 31904 | D:15     | Found a staircase to the Depths.
 32344 | D:15     | Found a blossoming altar of Fedhas.
 33327 | Lair:4   | Bought a shiny buckler for 420 gold pieces
 33596 | Swamp:1  | Entered Level 1 of the Swamp
 33675 | Swamp:1  | Reached skill level 5 in Shields
 33978 | Swamp:1  | Found a burning altar of Makhleb.
 35273 | Swamp:2  | Got a pitted chain mail
 35274 | Swamp:2  | Identified the +0 chain mail of Impressiveness {*Drain MR+ Int+5} (You found it on level 2 of the Swamp)
 35733 | Swamp:2  | Noticed a thorn hunter
 35735 | Swamp:2  | HP: 5/134 [thorn hunter/volley of thorns (6)]
 35736 | Swamp:2  | Killed from afar by a thorn hunter

Skill      XL: |  1  2  3  4  5  6  7  8  9 10 11 12 13 14 15 |
---------------+----------------------------------------------+-----
Armour         | 1 2 3 4 5 8 12 14 | 14.3
Fighting       | 2 3 5 8 9 11 14 17 | 17.2
Dodging        | 2 |  2.0
Maces & Flails | 3 4 6 7 8 10 11 | 11.3
Evocations     | 4 5 9 10 | 10.0
Shields        | 4 8 |  8.2
Short Blades   | |  0.7
Stealth        | |  0.7

Action                   |  1- 3 |  4- 6 |  7- 9 | 10-12 | 13-15 || total
-------------------------+-------+-------+-------+-------+-------++-------
Melee: Short sword       |    20 |       |       |       |       ||    20
       Whip              |   217 |    57 |       |       |       ||   274
       Mace              |       |   171 |       |       |       ||   171
       Flail             |       |    57 |   281 |  1089 |   804 ||  2231
       Morningstar       |       |       |       |       |   465 ||   465
Throw: Stone             |    51 |    11 |     6 |    65 |       ||   133
       Javelin           |       |       |       |    40 |    12 ||    52
       Tomahawk          |       |       |       |     4 |    26 ||    30
Invok: Potion Petition   |       |     1 |       |       |       ||     1
       Call Merchant     |       |       |       |     3 |     3 ||     6
 Abil: Evoke Invisibilit |       |     1 |     2 |    18 |    14 ||    35
       Evoke Flight      |       |       |       |    12 |       ||    12
Evoke: Wand              |     2 |       |    13 |    34 |    56 ||   105
       Fan of gales      |       |       |       |     1 |     2 ||     3
       Lamp of fire      |       |       |       |     1 |     2 ||     3
       Rod               |       |       |       |       |     5 ||     5
  Use: Scroll            |     2 |     3 |     4 |    21 |    17 ||    47
 Stab: Distracted        |       |     1 |     1 |     5 |     3 ||    10
       Invisible         |       |       |     7 |    49 |    31 ||    87
       Confused          |       |       |     2 |       |       ||     2
       Sleeping          |       |       |       |     3 |       ||     3
Armor: Leather armour    |     9 |       |       |       |       ||     9
       Ring mail         |    86 |    10 |     8 |   304 |       ||   408
       Chain mail        |       |   198 |   129 |   112 |   677 ||  1116
Dodge: Dodged            |   140 |   138 |   114 |   545 |   555 ||  1492
Block: Buckler           |       |       |     5 |   298 |   332 ||   635
       Rpst.: Flail      |       |       |       |    24 |    85 ||   109
       Morningstar       |       |       |       |       |    66 ||    66
